Map: [ESL] Inside and Out

Players

HeroMarine - Winner!

  • Race: Terran Terran
  • Spawn Location: 7:00

BattleB

  • Race: Terran Terran
  • Spawn Location: 1:00

Event: DreamHack SC2 Masters 2022 Atlanta (Online)

VOD

Have the link to the VOD?

Description

Time

  • Played on: Oct. 4, 2022, 1:30 p.m.
  • Length: 8:39

All games in this series

Show
View Real Time Build Order
Export as new Build Order

HeroMarine Terran - Winner!

Build Orders:  

Get SALT Encoding   

  12  0:00  SCV  
  13  0:12  SCV  
  14  0:17  Supply Depot  
  14  0:24  SCV  
  15  0:38  SCV  
  15  0:39  Barracks  
  16  0:43  Refinery  
  16  0:50  SCV  
  16  0:54  Refinery  
  17  1:02  SCV  
  18  1:14  SCV  
  20  1:25  Reaper  
  20  1:27  Orbital Command  
  20  1:30  Supply Depot  
  20  1:41  Factory  
  20  1:52  SCV  
  21  1:57  Reaper  
  22  2:05  SCV  
  23  2:15  Command Center  
  23  2:17  SCV  
  24  2:25  Hellion  
  24  2:29  SCV, Reaper  
  28  2:33  Supply Depot  
  28  2:41  SCV  
  29  2:46  Hellion  
  29  2:49  Starport  
  31  2:55  SCV  
  32  3:02  Barracks Tech Lab  
  32  3:07  SCV, Factory Tech Lab  
  33  3:15  Refinery  
  33  3:19  SCV  
  34  3:25  Cyclone  
  37  3:27  Orbital Command  
  37  3:31  Banshee  
  37  3:33  SCV  
  41  3:35  Barracks Reactor  
  41  3:45  SCV  
  42  3:52  SCV  
  43  3:57  SCV, Siege Tank  
  47  4:05  SCV  
  49  4:10  SCV  
  49  4:15  Raven, Marine x2  
  53  4:17  SCV  
  53  4:19  Supply Depot  
  53  4:22  SCV  
  54  4:37  SCV  
  54  4:38  SCV  
  54  4:40  Marine  
  54  4:41  Siege Tank, Marine  
  54  4:43  Command Center  
  54  4:49  SCV  
  54  4:50  SCV  
  55  4:57  Marine  
  55  4:59  Raven, Marine  
  56  5:01  SCV  
  56  5:02  SCV  
  56  5:06  Supply Depot  
  58  5:10  Supply Depot  
  58  5:13  SCV  
  59  5:15  SCV, Marine  
  59  5:16  Marine  
  60  5:25  SCV  
  60  5:27  SCV  
  60  5:28  Siege Tank  
  65  5:34  Refinery  
  67  5:37  SCV  
  67  5:39  SCV  
  67  5:49  SCV  
  68  5:51  SCV  
  68  5:53  Viking x2, Marine  
  68  5:54  Stimpack  
  73  5:58  Orbital Command  
  73  6:01  SCV  
  73  6:02  Siege Tank  
  73  6:03  SCV  
  78  6:04  Barracks  
  78  6:06  Barracks  
  78  6:11  Marine  
  78  6:14  SCV  
  78  6:15  SCV  
  81  6:23  Viking x2  
  85  6:26  SCV  
  85  6:29  Marine  
  85  6:31  SCV  
  88  6:33  Engineering Bay x2  
  88  6:36  Orbital Command  
  88  6:38  SCV  
  89  6:43  SCV, Siege Tank  
  89  6:47  Supply Depot  
  93  7:02  Marine  
  93  7:04  SCV  
  93  7:05  SCV  
  93  7:06  SCV, Viking  
  93  7:08  Viking  
  84  7:16  SCV  
  84  7:17  SCV  
  84  7:18  SCV  
  81  7:28  SCV  
  81  7:29  SCV  
  81  7:30  SCV  
  81  7:33  Barracks Reactor  
  81  7:36  Viking  
  82  7:37  Barracks Reactor  
  82  7:38  Viking  
  82  7:40  SCV  
  82  7:41  SCV  
  82  7:42  SCV  
  83  7:52  SCV, Marine  
  83  7:53  SCV  
  83  7:54  SCV  
  83  7:55  Siege Tank  
  90  8:04  SCV  
  90  8:05  SCV  
  92  8:06  SCV  
  92  8:11  Marine  
  92  8:12  Marine x2  
  96  8:13  Marine x2  
  96  8:16  SCV  
  96  8:17  SCV  
  96  8:18  SCV  
  101  8:37  Supply Depot  
Show
View Real Time Build Order
Export as new Build Order

BattleB Terran 

Build Orders:  

Get SALT Encoding   

  12  0:00  SCV  
  13  0:12  SCV  
  14  0:17  Supply Depot  
  14  0:25  SCV  
  15  0:38  SCV  
  15  0:40  Barracks  
  15  0:42  Refinery  
  16  0:50  SCV  
  16  0:52  Refinery  
  17  1:03  SCV  
  18  1:15  SCV  
  19  1:27  Orbital Command  
  19  1:28  Reaper  
  19  1:32  Supply Depot  
  20  1:39  Factory  
  20  1:53  SCV  
  21  2:00  Reaper  
  22  2:05  SCV  
  23  2:15  Command Center  
  23  2:17  SCV  
  24  2:23  Hellion  
  24  2:29  SCV  
  27  2:32  Reaper  
  27  2:35  Supply Depot  
  28  2:41  SCV  
  29  2:44  Hellion  
  31  2:51  Starport  
  31  2:57  SCV  
  32  3:04  Barracks Reactor  
  32  3:06  Factory Tech Lab  
  32  3:09  SCV  
  33  3:17  Refinery  
  33  3:21  SCV  
  33  3:24  Cyclone  
  37  3:27  Medivac  
  37  3:30  Orbital Command  
  37  3:33  SCV  
  40  3:41  Marine x2  
  41  3:45  SCV  
  41  3:47  Supply Depot  
  43  3:56  SCV  
  43  3:57  SCV  
  43  3:58  Starport Tech Lab  
  43  3:59  Cyclone  
  43  4:01  Marine  
  49  4:03  Marine  
  49  4:08  SCV  
  49  4:09  SCV  
  52  4:13  Supply Depot  
  52  4:19  Marine  
  52  4:20  SCV  
  52  4:21  SCV, Marine  
  56  4:29  Raven  
  58  4:32  SCV  
  58  4:34  Supply Depot  
  58  4:36  Marine  
  58  4:37  SCV  
  61  4:38  Marine  
  61  4:43  Siege Tank  
  59  4:49  SCV  
  59  4:50  SCV  
  54  4:54  Marine  
  54  4:56  Marine  
  54  5:01  SCV  
  54  5:02  SCV  
  56  5:12  Marine  
  56  5:13  SCV  
  56  5:14  SCV, Marine  
  59  5:16  Command Center, Raven  
  62  5:23  Siege Tank  
  62  5:26  SCV x2  
  66  5:38  SCV x2, Marine x2  
  66  5:42  Supply Depot  
  70  5:43  Refinery  
  70  5:48  Barracks x2  
  70  5:50  SCV x2  
  72  5:57  Engineering Bay  
  72  6:00  Engineering Bay  
  72  6:03  SCV x2  
  74  6:08  Siege Tank  
  77  6:14  Viking  
  77  6:15  SCV  
  77  6:16  SCV  
  81  6:20  Viking  
  81  6:23  Marine  
  80  6:28  SCV  
  80  6:32  SCV  
  80  6:39  Barracks Reactor  
  80  6:40  Barracks Reactor, SCV  
  80  6:42  Command Center  
  80  6:43  Siege Tank  
  80  6:44  SCV, Marine  
  86  6:54  Supply Depot  
  86  7:00  Supply Depot  
  86  7:03  SCV x2  
  85  7:09  Engineering Bay x2  
  85  7:10  Viking  
  85  7:11  Viking  
  85  7:14  Marine  
  85  7:15  SCV x2  
  76  7:24  Marine x2  
  76  7:25  Marine x2  
  76  7:28  SCV, Siege Tank  
  70  7:32  Marine  
  70  7:36  Orbital Command  
  71  7:43  Viking  
  72  7:47  Marine  
  71  7:52  Liberator  
  72  8:02  Orbital Command  
  72  8:05  SCV  
  76  8:18  SCV x2  
  76  8:21  Refinery  
Tags
 
Add a new tag
Caveats
  • Supply blocks, unpowered buildings, or Contaminate may cause inaccurate times.
  • Supply counts are checked every 10 seconds.